 Dungeon Crawl Stone Soup version 0.27.1-37-g7b29ead8ac (webtiles) character file.

Game seed: 11488396171441056943

74 AarnesTheHuman the Changer (level 4, -2/27 (32) HPs)
             Began as a Merfolk Transmuter on Aug 28, 2023.
             Slain by Terence (3 damage)
             ... on level 3 of the Dungeon.
             The game lasted 00:04:37 (3298 turns).

AarnesTheHuman the Changer (Merfolk Transmuter)     Turns: 3298, Time: 00:04:38

HP:   -2/27 (32)    AC:  2    Str: 10    XL:     4   Next: 30%
MP:   6/7           EV: 12    Int: 13    God:
Gold: 74            SH:  0    Dex: 14    Spells: 1/7 levels left

rFire    . . .     SeeInvis .   a - +0 dagger
rCold    . . .     Faith    .   (no shield)
rNeg     . . .     Spirit   .   b - +0 robe
rPois    .         Reflect  .   (helmet currently unavailable)
rElec    .         Harm     .   (no cloak)
rCorr    .         Rampage  .   (no gloves)
Will     .....                  (boots currently unavailable)
Stlth    +.........             (no amulet)
HPRegen  0.09/turn              (no ring)
MPRegen  0.10/turn              (no ring)

@: appendages, heavily drained
A: horns 2, (nimble swimmer 2), mertail
a: End Transformation


You were on level 3 of the Dungeon.
You had temporarily grown beastly horns.
You visited 1 branch of the dungeon, and saw 3 of its levels.

You collected 100 gold pieces.
You spent 26 gold pieces at shops.

Inventory:

Hand Weapons
 a - a +0 dagger (weapon)
Missiles
 c - 62 stones
 e - 22 poisoned darts
Armour
 b - a +0 robe (worn)
 j - a +0 buckler
Wands
 h - a wand of polymorph (8)
Scrolls
 d - a scroll of teleportation
 f - a scroll of identify
 g - a scroll of enchant weapon {unknown}
 k - a scroll of immolation {unknown}
 l - a scroll of magic mapping {unknown}
Potions
 i - a potion of flight


   Skills:
 - Level 1.1 Fighting
 - Level 2.6 Dodging
 - Level 3.2 Unarmed Combat
 + Level 2.4 Spellcasting
 + Level 5.1 Transmutations
 + Level 1.3 Poison Magic


You had one spell level left.
You knew the following spells:

 Your Spells              Type           Power      Damage    Failure   Level
a - Beastly Appendage     Tmut           28%        N/A       3%          1
b - Wereblood             Tmut           14%        N/A       4%          2
c - Spider Form           Tmut/Pois      4%         N/A       21%         3

Your spell library contained the following spells:

 Spells                   Type           Power      Damage    Failure   Level
 Ice Form                 Ice/Tmut       8%         N/A       63%         4


Dungeon Overview and Level Annotations

Branches:
Dungeon (3/15)

Altars:

Shops:
D:2 *

Annotations:
D:2 exclusion: downstairs
D:3 Terence


Innate Abilities, Weirdness & Mutations

You have temporarily grown beastly horns.
((You are quick and stealthy near water. (Stealth+, EV+, Speed+++)))
Your lower body shifts to a powerful aquatic tail in water.


Message History

a +0 flail; a +0 club; a gnoll skeleton A gnoll comes into view.
It is wielding a +0 spear.
Things that are here:
a +0 flail; a +0 club; a gnoll skeleton The gnoll shouts!
There is a stone staircase leading up, spattered with blood here.
You climb upwards.
Level annotation: exclusion: downstairs
There is a stone staircase leading down here.
There is a stone staircase leading down here.
You climb downwards.
Level annotation: Terence Terence shouts!
There is a stone staircase leading up here.
Aiming: Polymorph
Press: ? - help, Shift-Dir - straight line, f - Terence
Aim: Terence, wielding a +2 flail of draining and wearing a +0 ring mail (will become a goblin, a wolf, or an adder, chance to affect: 54%) Terence resists with significant effort.
Casting: Beastly Appendage (safe; 3% risk of failure)
Confirm with . or Enter, or press ? or * to list all spells.
You grow a pair of large bovine horns.
Terence barely misses you.
You hit Terence but do no damage. Terence misses you.
You hit Terence but do no damage. You headbutt Terence!
Terence is moderately wounded.
Terence hits you with a +2 flail of draining!
You feel drained.
You hit Terence but do no damage.
Terence is moderately wounded.
Terence closely misses you.
You hit Terence. You headbutt Terence, but do no damage.
Terence is heavily wounded.
Terence hits you with a +2 flail of draining!
You feel drained.
* * * LOW HITPOINT WARNING * * *
You closely miss Terence.
Terence is heavily wounded.
Terence hits you with a +2 flail of draining!
* * * LOW HITPOINT WARNING * * *
You feel drained.
You die...

# ####################
#...................
#.################## #.#
# #.# #.## #####
#..#######.!^#######
##.@.....[..$.......
####@#.#####.<.####(@.
##########......# #####
..............###
########.......#####
#...........#
#.......###.#######
#######.#.(..#..†........
#............#.##.#...##


You could see Terence.

Vanquished Creatures
  2 gnolls (D:3)
  A worm (D:2)
  3 dart slugs
  An orc (D:3)
  6 ball pythons
  2 endoplasms (D:1)
  3 giant cockroaches
  3 goblins
  A hobgoblin (D:3)
  3 jackals (D:2)
  5 kobolds
  A quokka (D:3)
  3 bats (D:1)
  2 frilled lizards (D:2)
  8 rats
44 creatures vanquished.

Notes
Turn   | Place    | Note
-------+----------+-------------------------------------------
     0 | D:1      | AarnesTheHuman the Merfolk Transmuter began the quest for
                  | the Orb.
     0 | D:1      | Reached XP level 1. HP: 15/15 MP: 3/3
    42 | D:1      | Reached skill level 3 in Transmutations
   222 | D:1      | Reached XP level 2. HP: 21/21 MP: 3/5
   326 | D:1      | Reached skill level 4 in Transmutations
  1031 | D:2      | Reached XP level 3. HP: 19/26 MP: 4/6
  1034 | D:2      | Learned a level 2 spell: Wereblood
  1038 | D:2      | Learned a level 3 spell: Spider Form
  1122 | D:2      | Found a faded altar of an unknown god.
  1349 | D:2      | Found Herac's General Store.
  1359 | D:2      | Bought a scroll of identify for 26 gold pieces
  2185 | D:3      | Noticed Terence
  2906 | D:3      | Reached skill level 1 in Poison Magic
  3063 | D:3      | Reached skill level 5 in Transmutations
  3063 | D:3      | Reached XP level 4. HP: 13/32 MP: 4/7
  3298 | D:3      | HP: 1/28 [Terence (7)]
  3298 | D:3      | Slain by Terence

Illustrated notes

Levels and vault maps discovered:
D:1:      lemuel_arrival_cross, layout_basic, minmay_tromino_v4_b
D:2:      layout_rooms, ebering_ecumenical_altar_sacrificial, serial_shops,
          shop, skrybe_limestone_x
D:3:      layout_loops_ring, uniq_terence

Skill      XL: |  1  2  3 |
---------------+----------+-----
Transmutations | 3 4 5 |  5.1
Poison Magic   | 1 |  1.3
Fighting       | |  1.1
Dodging        | |  2.6
Unarmed Combat | |  3.2
Spellcasting   | |  2.4

Action                   |  1- 3 |  4- 6 || total
-------------------------+-------+-------++-------
Melee: Unarmed           |     6 |       ||     6
       Dagger            |   167 |     8 ||   175
       Headbutt          |    24 |     3 ||    27
       Punch             |     2 |       ||     2
 Cast: Beastly Appendage |    27 |     1 ||    28
       Wereblood         |     6 |       ||     6
Evoke: Wand              |       |     1 ||     1
  Use: Scroll            |     3 |       ||     3
 Stab: Sleeping          |     4 |       ||     4
Armor: Robe              |    20 |       ||    20
Dodge: Dodged            |    96 |     4 ||   100
